 Dungeon Crawl Stone Soup version 0.31-a0-876-gfe8ebadbca (webtiles) character file.

Game seed: 12591852326315517754

18 Xavori the Trooper (level 2, -7/21 HPs)
             Began as an Octopode Chaos Knight on Oct 13, 2023.
             Was a Plaything of Xom.
             Engulfed by a cloud of flame (13 damage)
             ... on level 1 of the Dungeon.
             The game lasted 00:00:53 (831 turns).

Xavori the Trooper (Octopode Chaos Knight)           Turns: 831, Time: 00:00:53

Health: -7/21      AC:  1    Str: 15    XL:     2   Next: 70%
Magic:  2/2        EV: 13    Int: 13    God:    Xom [......]
Gold:   39         SH:  0    Dex: 10    Spells: 1/1 levels left

rFire   . . .        a - +0 short sword (chaos)
rCold   + . .        (no shield)
rNeg    . . .        (helmet restricted)
rPois   .            (no amulet)
rElec   +            (no ring)
rCorr   .            (no ring)
SInv    .            (no ring)
Will    .....        (no ring)
Stlth   ++           (no ring)
HPRegen 0.23/turn    (no ring)
MPRegen 0.08/turn    (no ring)
                     (no ring)

%: no passive effects
@: no status effects
A: almost no armour, amphibious, 8 rings, camouflage 1, gelatinous body 1,
(nimble swimmer 1), tentacles, tentacle spike 1, cold resistance 1, electricity
resistance, strong 1
a: Renounce Religion


You were on level 1 of the Dungeon.
You worshipped Xom.
You were a very special plaything of Xom.
You visited 1 branch of the dungeon, and saw 1 of its levels.

You collected 39 gold pieces.

Inventory:

Hand Weapons
 a - a +0 short sword of chaos (weapon)
Scrolls
 b - a scroll of butterflies
 c - a scroll of poison {unknown}
 d - a scroll of identify {unknown}
 e - 2 scrolls of teleportation {unknown}
Potions
 f - a potion of degeneration {unknown}


   Skills:
 + Level 3.4 Fighting
 + Level 3.3 Short Blades
 + Level 2.6 Dodging


You had one spell level left.
You didn't know any spells.
Your spell library was empty.

Dungeon Overview and Level Annotations

Branches:
Dungeon (1/15)

Altars:


Innate Abilities, Weirdness & Mutations

You cannot wear most types of armour.
You are amphibious.
You can wear up to eight rings at the same time.
Your skin changes colour to match your surroundings (Stealth+).
Your rubbery body absorbs attacks. (AC +1, EV +1)
((You are camouflaged when in or above water. (Stealth+)))
You have tentacles for arms and can constrict up to eight enemies at once.
One of your tentacles bears a spike.
Your flesh is cold resistant. (rC+)
You are resistant to electric shocks. (rElec)
Your muscles are strong. (Str +4, Int/Dex -1)


Message History

You pierce the hobgoblin.
The hobgoblin is heavily wounded.
The hobgoblin barely misses you.
There are monsters nearby!
You hit the hobgoblin.
You kill the hobgoblin!
A frilled lizard is nearby!
You closely miss the frilled lizard. Your grab misses the frilled lizard.
Your tentacle spike misses the frilled lizard.
You squeeze the frilled lizard, but do no damage.
The frilled lizard bites you.
A frilled lizard is nearby!
You hit the frilled lizard but do no damage.
Your grab misses the frilled lizard. Your squeeze misses the frilled lizard.
A frilled lizard is nearby!
You hit the frilled lizard.
You kill the frilled lizard!
HP restored.
You see here a frilled lizard corpse.
You are now a very special plaything of Xom.
No target in view!
No target in view!
You see here a bat corpse.
Key pressed, stopping explore.
No target in view!
You see here a bat corpse.
You see here a frilled lizard corpse.
Partly explored, can't reach some items and places.
Key pressed, stopping explore.
No target in view!
No target in view!
Partly explored, can't reach some items and places.
No target in view!
Partly explored, can't reach some items and places.
You are engulfed in blazing flames.
Ouch! That really hurt!
* * * LOW HITPOINT WARNING * * *
You are engulfed in blazing flames.
Ouch! That really hurt!
You die...

##........†
##########........##
#.........†###.#####
#.#####...## ### #..
#.# #☼○○# ####.. #.#
#§☼§# #.##.. #.#
#.§§# #.##..
#.#####...#####.##..
#..@§§../$...§..###.
#..☼○§...).§§§..###.
##.○☼§.$!$......##..
######...#####.....
#.☼§# ###.## #§○§#
##..# #○☼§# #..###
#...#####.###.
#............


There were no monsters in sight!

Vanquished Creatures
  4 ball pythons (D:1)
  An endoplasm (D:1)
  A goblin (D:1)
  2 hobgoblins (D:1)
  4 kobolds (D:1)
  2 bats (D:1)
  A frilled lizard (D:1)
  2 rats (D:1)
17 creatures vanquished.

Vanquished Creatures (others)
  A frilled lizard (D:1)
1 creature vanquished.

Grand Total: 18 creatures vanquished

Notes
Turn   | Place    | Note
-------+----------+-------------------------------------------
     0 | D:1      | Xavori the Octopode Chaos Knight began the quest for the
                  | Orb.
     0 | D:1      | Reached XP level 1. HP: 16/16 MP: 1/1
     0 | D:1      | Noticed an ice dragon
     5 | D:1      | Noticed an iron dragon
     7 | D:1      | Noticed a tentacled monstrosity
     8 | D:1      | Noticed an ice dragon
     9 | D:1      | Noticed a yellow draconian
    12 | D:1      | Noticed a black draconian
    12 | D:1      | Noticed an iron dragon
    14 | D:1      | Noticed a purple draconian
    16 | D:1      | Noticed an ice dragon
    16 | D:1      | Noticed a shadow dragon
    18 | D:1      | Noticed a shadow dragon
    20 | D:1      | Noticed an iron dragon
    20 | D:1      | Noticed a tentacled monstrosity
    33 | D:1      | XOM: butterfly on damage
    76 | D:1      | XOM: silly message
   249 | D:1      | Reached XP level 2. HP: 20/21 MP: 2/2
   257 | D:1      | XOM: give mutations
   257 | D:1      | Gained mutation: You are resistant to electric shocks.
                  | (rElec) [Xom's grace]
   257 | D:1      | Gained mutation: Your flesh is cold resistant. (rC+) [Xom's
                  | grace]
   381 | D:1      | XOM: 1-stop teleportation journey
   668 | D:1      | XOM: give mutations
   668 | D:1      | Gained mutation: Your muscles are strong. (Str +4, Int/Dex
                  | -1) [Xom's grace]
   668 | D:1      | Gained mutation: One of your tentacles bears a spike.
                  | [Xom's grace]
   831 | D:1      | Engulfed by a cloud of flame

Illustrated notes

Levels and vault maps discovered:
D:1:      shiori_arrival_whats_in_store_for_you, layout_rooms,
          lemuel_flame_loot_1

Action                     || total
---------------------------++-------
  Melee: Short sword       ||    33
         Tentacles         ||     5
         Constrict         ||     6
         Kick              ||     1
         Punch             ||     1
   Stab: Sleeping          ||     1
 Armour: Skin              ||    22
  Dodge: Dodged            ||    22

Table legend: (Time is in decaauts)
 A = Elapsed time spent in this place.
 B = Non-inter-level travel time spent in this place.
 C = Inter-level travel time spent in this place.
 D = Time resting spent in this place.
 E = Time spent auto-exploring this place.
 F = Levels seen in this place.
 G = Mean time per level.
                   A        B        C        D        E       F      G
               +--------+--------+--------+--------+--------+-----+--------+
         Total |    825 |    825 |      0 |    236 |    484 |   1 |  825.0 |
       Dungeon |    825 |    825 |      0 |    236 |    484 |   1 |  825.0 |
               +--------+--------+--------+--------+--------+-----+--------+

Top non-repeatable levels by time:
     D:1: 825 daAuts
